 Dungeon Crawl Stone Soup version 0.28.0-43-g3370ac3207 (webtiles) character file.

Game seed: 17700136007706587579

87 fknight the Chopper (level 4, 0/41 HPs)
             Began as a Hill Orc Monk on Mar 3, 2022.
             Slain by Pikel
             ... wielding a +0 whip of flaming
              (1 damage)
             ... on level 3 of the Dungeon.
             The game lasted 00:13:06 (3405 turns).

fknight the Chopper (Hill Orc Monk)                 Turns: 3405, Time: 00:13:07

Health: 0/41       AC: 10    Str: 21    XL:     4   Next: 51%
Magic:  13/13      EV: 11    Int: 10    God:
Gold:   126        SH:  0    Dex: 13    Spells: 3/3 levels left

rFire   . . .      SeeInvis .   d - +1 war axe (vorpal)
rCold   . . .      Faith    .   (no shield)
rNeg    . . .      Spirit   .   v - +5 ring mail "Ypoexotz" {Slay+6}
rPois   .          Reflect  .   (no helmet)
rElec   .          Harm     .   (no cloak)
rCorr   .          Rampage  .   (no gloves)
Will    .....                   (no boots)
Stlth   +.........              (no amulet)
HPRegen 0.13/turn               m - +6 ring of strength
MPRegen 0.13/turn               j - ring of magical power

@: no status effects
A: no striking features
a: no special abilities


You were on level 3 of the Dungeon.
You visited 1 branch of the dungeon, and saw 4 of its levels.

You collected 126 gold pieces.

Inventory:

Hand Weapons
 a - a +0 hand axe
 c - a +0 spectral broad axe
 d - a +1 vorpal war axe (weapon)
 q - a +2 short sword of speed
 s - a +2 short sword of holy wrath
 u - a +0 vampiric trident
Missiles
 g - 100 stones (quivered)
 h - 41 arrows
 k - 8 poisoned darts
 l - 34 bolts
 o - 38 sling bullets
 p - a throwing net
Armour
 b - a +0 robe
 t - a +1 scale mail
 v - the +5 ring mail "Ypoexotz" (worn) {Slay+6}
   (You found it on level 4 of the Dungeon)

   Slay:      It affects your accuracy & damage with ranged weapons and melee
   (+6).
Jewellery
 j - a ring of magical power (right hand)
 m - a +6 ring of strength (left hand)
Wands
 i - a wand of iceblast (8)
Scrolls
 f - a scroll of brand weapon
 n - 2 scrolls of fear
 r - 2 scrolls of identify


   Skills:
 + Level 4.3 Fighting
 + Level 4.8 Axes
 + Level 3.0 Dodging
 + Level 2.4 Stealth


You had 3 spell levels left.
You didn't know any spells.
Your spell library contained the following spells:

 Spells                   Type           Power      Damage    Failure   Level
 Fireball                 Conj/Fire      0%         3d3       100%        5
 Iskenderun's Battlesphe  Conj           0%         2d6       100%        5
 Conjure Ball Lightning   Conj/Air       0%         3x3d6     100%        6
 Orb of Destruction       Conj           0%         9d5       100%        7


Dungeon Overview and Level Annotations

Branches:
Dungeon (4/15)
 Temple: D:4-7

Altars:
Trog

Annotations:
D:3 Pikel


Message History

The lemure barely misses you.
There is a stone staircase leading up here.
Pikel hits you with a +0 whip of flaming.
Pikel burns you. The lemure hits you but does no damage.
You climb upwards.
There is a stone staircase leading down, spattered with blood here.
You barely miss the lemure. You slash Pikel! Pikel closely misses you.
The lemure closely misses you.
You closely miss the lemure. You slash Pikel!
Pikel hits you with a +0 whip of flaming.
Pikel burns you. The lemure closely misses you. Pikel barely misses you.
You slice the lemure!!
The lemure is almost dead.
You hit Pikel but do no damage. The lemure hits you.
Pikel hits you with a +0 whip of flaming.
Pikel burns you.
You completely miss the lemure.
The lemure is almost dead.
You miss Pikel. The lemure hits you. Pikel closely misses you.
The lemure barely misses you.
You barely miss the lemure.
The lemure is almost dead.
You slash Pikel!
Pikel hits you with a +0 whip of flaming.
Pikel burns you.
* * * LOW HITPOINT WARNING * * *
The lemure hits you but does no damage.
You feel better. Pikel hits you but does no damage. The lemure hits you.
You closely miss the lemure.
The lemure is almost dead.
You closely miss Pikel.
Pikel hits you with a +0 whip of flaming!
* * * LOW HITPOINT WARNING * * *
Pikel burns you.
* * * LOW HITPOINT WARNING * * *
The lemure hits you but does no damage.
Pikel hits you with a +0 whip of flaming.
* * * LOW HITPOINT WARNING * * *
Pikel burns you.
You die...

....##.........# ##.# #...
....##.........# #.###...
....##.........# #..##...
.....#.........## ##......
.....<..........### ###......
....#.............#######...#....
....##.........#..........###.###
..#............######............
.##..#......>..5@K....#..........
.##..##########.###.....##.......
..##....## #.##.......#.......
..##.##..# #.#................
.....###.# #.#.........#######
...### #.# ####...........# ####.
...## #.###..............###....
.#..# #.....###..............###
.##.####.[#### #.#........)......


You could see Pikel and a lemure.

Vanquished Creatures
  2 lemures (D:3)
  2 adders
  A worm (D:2)
  3 dart slugs (D:1)
  An orc (D:3)
  4 ball pythons
  4 endoplasms
  A giant cockroach (D:1)
  12 hobgoblins
  4 jackals
  A quokka (D:3)
  4 bats
  2 frilled lizards
  4 goblins
  4 kobolds
  5 rats
54 creatures vanquished.

Vanquished Creatures (others)
  2 fungi (D:1)
2 creatures vanquished.

Grand Total: 56 creatures vanquished

Notes
Turn   | Place    | Note
-------+----------+-------------------------------------------
     0 | D:1      | fknight the Hill Orc Monk began the quest for the Orb.
     0 | D:1      | Reached XP level 1. HP: 19/19 MP: 1/1
   107 | D:1      | Reached XP level 2. HP: 27/27 MP: 2/2
   598 | D:1      | Found a faded altar of an unknown god.
   778 | D:1      | Reached XP level 3. HP: 33/33 MP: 3/3
  1002 | D:2      | Found a bloodstained altar of Trog.
  1406 | D:2      | HP: 1/33 [hobgoblin (4)]
  1705 | D:2      | Reached XP level 4. HP: 31/40 MP: 4/4
  2548 | D:4      | Identified the +5 ring mail "Ypoexotz" {Slay+6}
  2941 | D:4      | Noticed a lemure
  2941 | D:4      | Noticed a lemure
  2942 | D:4      | Noticed Pikel
  3160 | D:4      | Noticed a lemure
  3210 | D:3      | Killed a lemure
  3342 | D:4      | Noticed a lemure
  3347 | D:3      | Killed a lemure
  3405 | D:3      | HP: 2/41 [Pikel/+0 whip of flaming (4)]
  3405 | D:3      | Slain by Pikel

Illustrated notes

Levels and vault maps discovered:
D:1:      ebering_hopf_link, layout_loops_ring, shapermc_ecumenical_altar_gd
D:2:      layout_basic, basic_altar
D:3:      layout_rooms
D:4:      layout_cave_pools, uniq_pikel

Skill      XL: |  1  2  3  4 |
---------------+-------------+-----
Stealth        | 2 |  2.4
Fighting       | 4 |  4.3
Dodging        | 3 |  3.0
Axes           | |  4.8

Action                   |  1- 3 |  4- 6 || total
-------------------------+-------+-------++-------
Melee: Hand axe          |     5 |       ||     5
       Broad axe         |    91 |     4 ||    95
       War axe           |       |    34 ||    34
Throw: Stone             |    18 |    22 ||    40
  Use: Scroll            |       |     8 ||     8
       Potion            |       |     1 ||     1
 Stab: Sleeping          |     1 |       ||     1
Armor: Robe              |    32 |       ||    32
       Ring mail         |       |    13 ||    13
       Scale mail        |       |     1 ||     1
Dodge: Dodged            |    85 |    25 ||   110
